 Dungeon Crawl Stone Soup version 0.29-a0-371-g91724d5b39 (webtiles) character file.

Game seed: 17325169073443127429

23 lesaewzxc the Vexing (level 3, 0/21 HPs)
             Began as a Kobold Arcane Marksman on May 2, 2022.
             Slain by a ball python (3 damage)
             ... on level 1 of the Dungeon.
             The game lasted 00:05:01 (387 turns).

lesaewzxc the Vexing (Kobold Arcane Marksman)        Turns: 387, Time: 00:05:02

Health: 0/21       AC:  2    Str:  9    XL:     3   Next: 10%
Magic:  5/5        EV: 15    Int: 14    God:
Gold:   27         SH:  0    Dex: 15    Spells: 4/5 levels left

rFire   . . .      SeeInvis .   a - +0 hand crossbow
rCold   . . .      Faith    .   (no shield)
rNeg    . . .      Spirit   .   b - +0 robe
rPois   .          Reflect  .   (no helmet)
rElec   .          Harm     .   (no cloak)
rCorr   .          Rampage  .   (no gloves)
Will    .....                   (no boots)
Stlth   ++........              (no amulet)
HPRegen 0.07/turn               (no ring)
MPRegen 0.09/turn               (no ring)

@: no status effects
A: small, no large weapons, nightstalker 3
a: no special abilities


You were on level 1 of the Dungeon.
You visited 1 branch of the dungeon, and saw 2 of its levels.

You collected 27 gold pieces.

Inventory:

Hand Weapons
 a - a +0 hand crossbow (weapon)
 e - a +2 mace of protection
Armour
 b - a +0 robe (worn)
Scrolls
 c - a scroll of vulnerability


   Skills:
 * Level 1.7 Fighting
 + Level 3.1 Crossbows
 + Level 0.1 Armour
 + Level 2.7 Dodging
 + Level 1.5 Spellcasting
 + Level 3.2 Hexes


You had 4 spell levels left.
You knew the following spells:

 Your Spells              Type           Power      Damage    Failure   Level
a - Slow                  Hex            40%        N/A       7%          1

Your spell library contained the following spells:

 Spells                   Type           Power      Damage    Failure   Level
 Inner Flame              Hex/Fire       5%         N/A       36%         3
 Portal Projectile        Hex/Tloc       10%        N/A       36%         3
 Cause Fear               Hex            5%         N/A       56%         4


Dungeon Overview and Level Annotations

Branches:
Dungeon (2/15)

Altars:


Innate Abilities, Weirdness & Mutations

You are small and have problems with some larger weapons.
You are completely attuned to the shadows.


Message History

Shoot: a) +0 hand crossbow
Press: ? - help, Shift-Dir - straight line, f/p - ball python
Aim: a ball python (constricting you, 57% to hit)
You shoot a bolt. The bolt barely misses the ball python.
The ball python barely misses you. The ball python constricts you.
The ball python bites you.
* * * LOW HITPOINT WARNING * * *
The ball python constricts you.
* * * LOW HITPOINT WARNING * * *
Shoot: a) +0 hand crossbow
Press: ? - help, Shift-Dir - straight line, f/p - ball python
Aim: a ball python (constricting you, 57% to hit)
You shoot a bolt. The bolt hits the ball python!
You kill the ball python!
A frilled lizard comes into view.
Shoot: a) +0 hand crossbow
Press: ? - help, Shift-Dir - straight line, f - frilled lizard
Aim: a frilled lizard (wandering, hasn't noticed you, 42% to hit)
You shoot a bolt. The frilled lizard hisses angrily.
The bolt hits the frilled lizard.
You kill the frilled lizard!
You aren't carrying any potions.
As you read the scroll labelled XYOBYT WUFADUH, it crumbles to dust.
It is a scroll of identify.
You don't have any unidentified items.
A ball python comes into view.
Shoot: a) +0 hand crossbow
Press: ? - help, Shift-Dir - straight line, f - ball python
Aim: a ball python (wandering, hasn't noticed you, 57% to hit)
You shoot a bolt. The bolt barely misses the ball python.
The ball python hisses angrily.
The ball python closely misses you. The ball python misses you.
Shoot: a) +0 hand crossbow
Press: ? - help, Shift-Dir - straight line, f/p - ball python
Aim: a ball python (57% to hit)
You shoot a bolt.
The bolt hits the ball python but does no damage.
The ball python bites you.
You die...

#
####...#.#
#..#†..##
#.###...##
#..
##.#.#. ..
###....K
#....#.. #
#..)## . #
#.S).# #
#@..## #
##### #


You could see a ball python.

Vanquished Creatures
  An adder (D:2)
  A dart slug (D:2)
  A goblin (D:1)
  A hobgoblin (D:1)
  A quokka (D:2)
  2 ball pythons (D:1)
  A bat (D:2)
  2 frilled lizards (D:1)
  3 kobolds (D:1)
13 creatures vanquished.

Notes
Turn   | Place    | Note
-------+----------+-------------------------------------------
     0 | D:1      | lesaewzxc the Kobold Arcane Marksman began the quest for
                  | the Orb.
     0 | D:1      | Reached XP level 1. HP: 12/12 MP: 2/2
   100 | D:2      | Reached XP level 2. HP: 16/16 MP: 3/3
   374 | D:1      | Reached XP level 3. HP: 5/21 MP: 5/5
   387 | D:1      | Slain by a ball python

Illustrated notes

Levels and vault maps discovered:
D:1:      minmay_arrival_up_and_down, layout_rooms,
          nicolae_ecumenical_snake_handling
D:2:      layout_basic, minmay_misc_feat_hallway, minmay_misc_feat_room,
          minivault_19, minmay_tetromino_s4

Skill      XL: |  1  2 |
---------------+-------+-----
Crossbows      | 3 |  3.1
Fighting       | |  1.7
Armour         | |  0.1
Dodging        | |  2.7
Spellcasting   | |  1.5
Hexes          | |  3.2

Action                   || total
-------------------------++-------
 Fire: Hand crossbow     ||    32
  Use: Potion            ||     2
       Scroll            ||     1
Armor: Robe              ||     3
Dodge: Dodged            ||    20

Table legend: (Time is in decaauts)
 A = Elapsed time spent in this place.
 B = Non-inter-level travel time spent in this place.
 C = Inter-level travel time spent in this place.
 D = Time resting spent in this place.
 E = Time spent auto-exploring this place.
 F = Levels seen in this place.
 G = Mean time per level.
                   A        B        C        D        E       F      G
               +--------+--------+--------+--------+--------+-----+--------+
         Total |    398 |    398 |      0 |      0 |     53 |   2 |  199.0 |
       Dungeon |    398 |    398 |      0 |      0 |     53 |   2 |  199.0 |
               +--------+--------+--------+--------+--------+-----+--------+

Top non-repeatable levels by time:
     D:1: 291 daAuts
     D:2: 106 daAuts
